 Dungeon Crawl Stone Soup version 0.25-a0-565-g8875c97ebb (webtiles) character file.

Game seed: 6467596042865006617, levelgen mode: deterministic

18946 Flugslaktarn the Cleaver (level 12, -2/120 HPs)
             Began as a Deep Dwarf Fighter on Feb 26, 2020.
             Was an Elder of Makhleb.
             Slain by a red ugly thing (13 damage)
             ... on level 13 of the Dungeon on Feb 27, 2020.
             The game lasted 00:07:01 (8213 turns).

Flugslaktarn the Cleaver (Deep Dwarf Fighter)       Turns: 8213, Time: 00:07:02

Health: -2/120     AC: 11    Str: 26    XL:     12   Next: 32%
Magic:  12/12      EV:  5    Int:  8    God:    Makhleb [****..]
Gold:   620        SH: 10    Dex: 12    Spells: 11/11 levels left

rFire    . . .     SeeInvis +   k - +2 hand axe (flame)
rCold    . . .     Gourm    .   G - +0 kite shield
rNeg     . . .     Faith    .   C - +0 plate armour
rPois    .         Spirit   .   A - +0 helmet
rElec    +         Reflect  .   s - +0 cloak
rCorr    .         Harm     .   y - +1 pair of gloves
MR       +....                  (no boots)
Stlth    ..........             f - amulet of the acrobat
HPRegen  0.00/turn              i - ring of see invisible
MPRegen  0.13/turn              x - +2 ring of strength

@: corroded, non-regenerating
A: damage resistance, heal wounds, claws 1, dopey 1, sense surroundings 2,
electricity resistance, subdued magic 1, no regeneration
a: Heal Wounds, Minor Destruction, Lesser Servant of Makhleb, Major Destruction,
Renounce Religion


You were on level 13 of the Dungeon.
You worshipped Makhleb.
Makhleb was greatly pleased with you.
You were hungry.

You visited 2 branches of the dungeon, and saw 14 of its levels.

You collected 620 gold pieces.

Inventory:

Hand Weapons
 a - a +0 war axe
 k - a +2 hand axe of flaming (weapon)
   (You took it off a big kobold on level 9 of the Dungeon)
Armour
 s - a +0 cloak (worn)
   (You found it on level 7 of the Dungeon)
 y - a +1 pair of gloves (worn)
   (You found it on level 4 of the Dungeon)
 A - a +0 helmet (worn)
   (You found it on level 5 of the Dungeon)
 C - a +0 plate armour (worn)
   (You took it off an orc warrior on level 6 of the Dungeon)
 G - a +0 kite shield (worn)
Jewellery
 c - an uncursed ring of protection from cold
   (You found it on level 3 of the Dungeon)
 f - an amulet of the acrobat (around neck)
   (You found it on level 7 of the Dungeon)
 i - a ring of see invisible (left hand)
   (You found it on level 12 of the Dungeon)
 m - an uncursed ring of protection from magic
   (You found it on level 4 of the Dungeon)
 o - an uncursed ring of poison resistance
   (You found it on level 3 of the Dungeon)
 x - a +2 ring of strength (right hand)
   (You found it on level 4 of the Dungeon)
Wands
 u - a wand of iceblast (16)
   (You took it off Ijyb on level 4 of the Dungeon)
 v - a wand of digging (6)
   (You found it on level 13 of the Dungeon)
 H - a wand of paralysis (4)
   (You found it on level 10 of the Dungeon)
Scrolls
 g - 2 scrolls of teleportation {unknown}
 j - 5 scrolls of magic mapping
 p - 7 scrolls of remove curse
 t - a scroll of acquirement {unknown}
 z - 2 scrolls of blinking
 B - 2 scrolls of fear
Potions
 b - a potion of flight
 d - 2 potions of might
 h - a potion of ambrosia {unknown}
 l - 2 potions of lignification
 n - 2 potions of resistance
 q - 4 potions of curing
 r - a potion of mutation
 w - 5 potions of heal wounds
 I - a potion of haste {unknown}
Comestibles
 e - 34 rations
 D - 5 chunks of flesh


   Skills:
 * Level 11.3 Fighting
 * Level 13.0 Axes
 + Level 9.8 Armour
 - Level 3.2 Shields
 + Level 10.4 Invocations


You had 11 spell levels left.
You didn't know any spells.
Your spell library was empty.

Dungeon Overview and Level Annotations

Branches:
Dungeon (13/15)            Temple (1/1) D:4            Lair (0/6) D:9
    Orc (0/2) D:11
 Vaults: D:13-14

Altars:
Dithmenos
Elyvilon
Fedhas
Gozag
Hepliaklqana
Kikubaaqudgha
Makhleb
Nemelex Xobeh
Okawaru
Qazlal
Sif Muna
Trog
Vehumet
Wu Jian
Xom

Shops:
D:8 [   D:10 %

Annotations:
D:6 exclusion: 2 goblins


Innate Abilities, Weirdness & Mutations

You are resistant to damage.
You can heal yourself by infusing magical energy.
You passively map the area around you.
You do not regenerate.
You have sharp fingernails.
You are dopey. (Int -2)
You are resistant to electric shocks. (rElec)
Your spells are a little easier to cast, but a little less powerful.


Message History

Aim: a red ugly thing (heavily wounded, chance to defeat MR: 28%)
The red ugly thing easily resists.
The red ugly thing trunk-slaps you!
* * * LOW HITPOINT WARNING * * *
You are engulfed in flames!!
* * * LOW HITPOINT WARNING * * *
You feel much better. The red ugly thing trunk-slaps you!
* * * LOW HITPOINT WARNING * * *
You are engulfed in flames!!
* * * LOW HITPOINT WARNING * * *
You feel much better. You block the red ugly thing's attack.
A demon appears!
You can no longer summon a greater servant of Makhleb.
The red ugly thing trunk-slaps you.
* * * LOW HITPOINT WARNING * * *
You are engulfed in flames!!
* * * LOW HITPOINT WARNING * * *
A demon appears!
The red ugly thing trunk-slaps you.
* * * LOW HITPOINT WARNING * * *
You are engulfed in flames!
You die...

...#
#...#...#..†#.#
...#
#...'.).(...'(#
...#
#.(.#...#...###
...#
##†##########
...#
#...#|.[#cc.#
>..#
#...'.[.#ccc#
####
#.3(#}..#uc.#
##'###### '##
#..@#...#...
#.).uycc'...*
#..3#ccc#...
#########


You could see a red ugly thing, a centaur warrior, a vampire mosquito, 4
centaurs, a friendly smoke demon and a friendly neqoxec.

Vanquished Creatures
  A very ugly thing (D:13)
  Erolcha (D:11)
  3 hydras
  3 centaur warriors (D:13)
  2 two-headed ogres (D:8)
  A deep troll earth mage (D:13)
  Pikel (D:6)
  A gargoyle (D:12)
  A kobold demonologist (D:13)
  3 komodo dragons
  3 trolls
  A hornet (D:10)
  Prince Ribbit (D:8)
  2 dream sheep (D:9)
  A hippogriff (D:13)
  Sigmund (D:4)
  2 vampires
  A wraith (D:10)
  Eustachio (D:5)
  2 yaks (D:9)
  2 hungry ghosts
  2 wyverns
  A vampire mosquito (D:13)
  Edmund (D:5)
  A sky beast (D:5)
  An eye of draining (D:8)
  4 ice beasts
  3 phantoms
  8 orc warriors
  4 ogres
  4 centaurs
  2 crocodiles
  7 big kobolds
  2 bullfrogs
  5 gnoll sergeants
  A wyvern skeleton (D:11)
  3 scorpions
  A water moccasin skeleton (D:4)
  12 killer bees
  6 howler monkeys
  A bullfrog zombie (D:12)
  A centaur zombie (D:12)
  3 crimson imps
  3 quasits
  3 orc priests
  3 jellies
  A centaur skeleton (D:6)
  A gnoll shaman (D:6)
  9 hounds
  Ijyb (D:4)
  A bullfrog skeleton (D:9)
  An iguana (D:5)
  9 orc wizards
  4 worker ants
  2 hound skeletons
  Robin (D:3)
  8 adders
  11 gnolls
  3 howler monkey skeletons
  A worker ant zombie (D:7)
  5 shadow imps
  An adder zombie (D:8)
  2 adder skeletons
  3 worms
  A dart slug (D:5)
  10 leopard geckos
  39 orcs
  2 bats
  13 goblins
  7 hobgoblins
  2 jackals (D:4)
  9 kobolds
  7 quokkas
  3 frilled lizards
  2 leopard gecko skeletons
  A leopard gecko zombie (D:6)
  2 rats
278 creatures vanquished.

Vanquished Creatures (collateral kills)
  An ugly thing (D:11)
1 creature vanquished.

Vanquished Creatures (others)
  A slave (D:6)
  A hound (D:6)
  A worker ant (D:6)
  A jackal zombie (D:6)
  6 plants (D:9)
10 creatures vanquished.

Grand Total: 289 creatures vanquished

Notes
Turn   | Place    | Note
-------+----------+-------------------------------------------
     0 | D:1      | Flugslaktarn the Deep Dwarf Fighter began the quest for the
                  | Orb.
     0 | D:1      | Reached XP level 1. HP: 20/20 MP: 1/1
    65 | D:2      | Reached XP level 2. HP: 21/28 MP: 2/2
   186 | D:3      | Noticed Robin
   188 | D:3      | Reached skill level 3 in Axes
   189 | D:3      | Reached XP level 3. HP: 29/34 MP: 3/3
   209 | D:3      | Killed Robin
   396 | D:3      | Reached XP level 4. HP: 27/42 MP: 4/4
   661 | D:4      | Found a staircase to the Ecumenical Temple.
   668 | D:4      | Reached skill level 4 in Axes
   668 | D:4      | Reached XP level 5. HP: 49/50 MP: 5/5
   692 | Temple   | Entered the Ecumenical Temple
   725 | Temple   | Became a worshipper of Makhleb the Destroyer
   801 | D:4      | Noticed Ijyb
   812 | D:4      | Killed Ijyb
   850 | D:4      | Noticed Sigmund
   880 | D:4      | Killed Sigmund
   880 | D:4      | Reached skill level 1 in Invocations
   880 | D:4      | Reached XP level 6. HP: 39/58 MP: 5/7
   961 | D:4      | Reached skill level 5 in Axes
  1028 | D:4      | Reached XP level 7. HP: 57/66 MP: 8/8
  1352 | D:4      | Found a hazy altar of Hepliaklqana.
  1533 | D:5      | Entered Level 5 of the Dungeon
  1540 | D:5      | Reached skill level 5 in Fighting
  1548 | D:5      | Reached skill level 5 in Armour
  1576 | D:5      | Noticed Edmund
  1591 | D:5      | Killed Edmund
  1591 | D:5      | Reached skill level 6 in Axes
  1729 | D:5      | Reached * piety under Makhleb
  1734 | D:5      | Reached XP level 8. HP: 63/76 MP: 10/10
  1844 | D:5      | Noticed Eustachio
  1904 | D:5      | Killed Eustachio
  1904 | D:5      | Reached skill level 7 in Axes
  1975 | D:5      | Found a bloodstained altar of Trog.
  2515 | D:6      | Found a shimmering blue altar of Sif Muna.
  2533 | D:6      | Reached ** piety under Makhleb
  2700 | D:6      | Noticed Pikel
  2714 | D:6      | Killed Pikel
  2714 | D:6      | Reached skill level 8 in Axes
  2714 | D:6      | Reached skill level 5 in Invocations
  2714 | D:6      | Gained mutation: You passively map the area around you.
                  | [Deep Dwarf growth]
  2714 | D:6      | Reached XP level 9. HP: 66/86 MP: 11/13
  2875 | D:6      | Found an iron altar of Okawaru.
  2947 | D:6      | Found a stormy altar of Qazlal.
  3099 | D:6      | Noticed a troll
  3153 | D:6      | Killed a troll
  3559 | D:7      | Reached skill level 9 in Axes
  3687 | D:7      | Reached *** piety under Makhleb
  3699 | D:7      | You fall into a shaft and drop 1 floor!
  3954 | D:8      | Noticed Prince Ribbit
  3988 | D:8      | Noticed a two-headed ogre
  4001 | D:8      | Killed a two-headed ogre
  4001 | D:8      | Reached XP level 10. HP: 71/98 MP: 0/15
  4131 | D:8      | Found an opulent altar of Gozag.
  4134 | D:8      | Found an ancient bone altar of Kikubaaqudgha.
  4162 | D:8      | Found Yqoips's Armour Emporium.
  4173 | D:8      | Noticed a two-headed ogre
  4194 | D:8      | Killed a two-headed ogre
  4194 | D:8      | Reached skill level 10 in Axes
  4442 | D:8      | Killed Prince Ribbit
  4543 | D:9      | Found a sparkling altar of Nemelex Xobeh.
  4829 | D:9      | Reached **** piety under Makhleb
  5085 | D:9      | Noticed a three-headed hydra
  5089 | D:9      | Killed a one-headed hydra
  5143 | D:9      | Reached skill level 11 in Axes
  5146 | D:9      | Found a staircase to the Lair.
  5392 | D:9      | Reached XP level 11. HP: 85/106 MP: 15/15
  5477 | D:10     | Entered Level 10 of the Dungeon
  5744 | D:10     | Found Abraps's Food Boutique.
  5999 | D:11     | Noticed a brown ugly thing
  6040 | D:11     | Killed a purple ugly thing
  6183 | D:11     | Gained mutation: Your body sometimes deteriorates upon
                  | taking damage. [potion of mutation]
  6183 | D:11     | Gained mutation: Your spells are a little easier to cast,
                  | but a little less powerful. [potion of mutation]
  6183 | D:11     | Gained mutation: Your mind is acute. (Int +2) [potion of
                  | mutation]
  6183 | D:11     | Gained mutation: You have sharp fingernails. [potion of
                  | mutation]
  6185 | D:11     | Lost mutation: Your spells are a little easier to cast, but
                  | a little less powerful. [potion of mutation]
  6185 | D:11     | Lost mutation: Your mind is acute. (Int +2) [potion of
                  | mutation]
  6185 | D:11     | Lost mutation: You have sharp fingernails. [potion of
                  | mutation]
  6185 | D:11     | Lost mutation: Your body sometimes deteriorates upon taking
                  | damage. [potion of mutation]
  6185 | D:11     | Gained mutation: You are resistant to electric shocks.
                  | (rElec) [potion of mutation]
  6185 | D:11     | Gained mutation: Your spells are a little easier to cast,
                  | but a little less powerful. [potion of mutation]
  6185 | D:11     | Gained mutation: You are dopey. (Int -2) [potion of
                  | mutation]
  6185 | D:11     | Gained mutation: You have sharp fingernails. [potion of
                  | mutation]
  6224 | D:11     | Found a staircase to the Orcish Mines.
  6271 | D:11     | Reached skill level 10 in Fighting
  6537 | D:11     | Noticed Erolcha
  6556 | D:11     | Killed Erolcha
  7346 | D:12     | Reached skill level 12 in Axes
  7648 | D:13     | Noticed a seven-headed hydra
  7657 | D:13     | Killed a one-headed hydra
  7875 | D:13     | Noticed a centaur warrior
  7900 | D:13     | Killed a centaur warrior
  8007 | D:13     | Noticed an eight-headed hydra
  8023 | D:13     | Killed a one-headed hydra
  8023 | D:13     | Reached skill level 10 in Invocations
  8023 | D:13     | Reached XP level 12. HP: 93/118 MP: 16/16
  8027 | D:13     | Noticed a centaur warrior
  8035 | D:13     | Killed a centaur warrior
  8038 | D:13     | Noticed a green very ugly thing
  8076 | D:13     | Killed a green very ugly thing
  8095 | D:13     | Noticed a deep troll earth mage
  8096 | D:13     | Noticed a centaur warrior
  8126 | D:13     | Killed a deep troll earth mage
  8157 | D:13     | Noticed a centaur warrior
  8178 | D:13     | Killed a centaur warrior
  8178 | D:13     | Reached ***** piety under Makhleb
  8178 | D:13     | Reached skill level 13 in Axes
  8213 | D:13     | Slain by a red ugly thing

Levels and vault maps discovered:
D:1:      beargit_arrival_greenhouse, layout_rooms
D:2:      layout_loops_ring, marbit_many_paths
D:3:      layout_loops_ring, cheibrodos_sewer_entry_bend, first_ration,
          uniq_robin, uniq_natasha
D:4:      layout_layer_cave, kennysheep_mini, minmay_temple_entry_offerings,
          uniq_sigmund, uniq_ijyb
D:5:      kb_forest_paths, layout_loops_ring, trog_hazing_becter, uniq_edmund,
          uniq_eustachio
D:6:      minmay_chambers_of_sixes, layout_basic, overflow_temple_1_default,
          basic_altar, kennysheep_okawaru_gauntlet, uniq_pikel
D:7:      layout_basic
D:8:      layout_cave_pods, nicolae_overflow_hidden_temple, serial_shops, shop,
          uniq_prince_ribbit1
D:9:      layout_loops_ring, old_standard_altar, david_lair_shrubbed,
          hangedman_ranch [blue_anna_fruit_fields]
D:10:     layout_roguey, serial_shops, shop, st_stairs_9, minmay_between
D:11:     layout_irregular_city, kennysheep_orc_monster_closet_entryway,
          uniq_erolcha
D:12:     layout_loops_cross, minmay_misc_feat_room, evilmike_butchery
D:13:     layout_rooms, minmay_evil_grid
Temple:   compressed_dpeg_circular_temple

Skill      XL: |  1  2  3  4  5  6  7  8  9 10 11 12 |
---------------+-------------------------------------+-----
Fighting       | 3 4 5 7 8 9 10 11 | 11.3
Axes           | 3 4 5 6 8 9 11 12 13 | 13.0
Armour         | 4 5 6 7 8 9 |  9.8
Invocations    | 1 2 3 5 7 8 10 | 10.4
Shields        | |  3.2

Action                   |  1- 3 |  4- 6 |  7- 9 | 10-12 || total
-------------------------+-------+-------+-------+-------++-------
Melee: War axe           |    93 |    89 |   463 |   148 ||   793
       Hand axe          |       |       |       |   696 ||   696
Invok: Lesser Servant of |       |       |       |     3 ||     3
 Abil: Heal Wounds       |     1 |     3 |    11 |    30 ||    45
Evoke: Wand              |       |       |     4 |     1 ||     5
  Use: Scroll            |       |       |     4 |    13 ||    17
       Potion            |       |       |       |     6 ||     6
  Eat: Chunk             |       |     1 |    10 |    13 ||    24
       Ration            |       |       |       |     2 ||     2
Armor: Scale mail        |    46 |       |       |       ||    46
       Chain mail        |       |    55 |   187 |       ||   242
       Plate armour      |       |       |    73 |   507 ||   580
Dodge: Dodged            |    26 |    23 |    86 |   191 ||   326
Block: Kite shield       |    51 |    44 |   224 |   390 ||   709

Table legend:
 A = Non-vault XP
 B = Vault XP
 C = Vault XP percentage of total XP
 D = Non-vault monster count
 E = Vault monster count
 F = Vault count percentage of total count
                 A         B        C        D         E       F
            +---------+---------+-------+---------+---------+-------
      Total |   13695 |   13371 |  49.4 |     207 |      72 |  25.8
            +---------+---------+-------+---------+---------+-------
        D:1 |       3 |       0 |   0.0 |       2 |       0 |   0.0
        D:2 |      34 |       0 |   0.0 |       7 |       0 |   0.0
        D:3 |      21 |      40 |  65.6 |       9 |      13 |  59.1
        D:4 |     447 |     261 |  36.9 |      18 |       2 |  10.0
        D:5 |     768 |     507 |  39.8 |      36 |      11 |  23.4
        D:6 |     475 |    1319 |  73.5 |      18 |       7 |  28.0
        D:7 |     775 |       0 |   0.0 |      23 |       0 |   0.0
        D:8 |    2913 |     259 |   8.2 |      25 |       1 |   3.8
        D:9 |     766 |    2509 |  76.6 |      19 |       9 |  32.1
       D:10 |    1224 |     344 |  21.9 |      14 |       2 |  12.5
       D:11 |    1374 |    2726 |  66.5 |      11 |      21 |  65.6
       D:12 |    1658 |       0 |   0.0 |      15 |       0 |   0.0
       D:13 |    3237 |    5406 |  62.5 |      10 |       6 |  37.5
            +---------+---------+-------+---------+---------+-------
